Map: Kairos Junction LE

Players

HeroMarine

  • Race: Terran Terran
  • League: Master
  • Spawn Location: 11:00

Bunny - Winner!

  • Race: Terran Terran
  • League: Diamond
  • Spawn Location: 5:00

Event: IEM Season 13 - Katowice Server Qualifiers Europe

VOD

Have the link to the VOD?

Description

Time

  • Played on: Jan. 8, 2019, 12:10 p.m.
  • Length: 7:23

All games in this series

Show
View Real Time Build Order
Export as new Build Order

HeroMarine Terran 

Build Orders:  

Get SALT Encoding   

  12  0:00  SCV  
  13  0:12  SCV  
  14  0:16  Supply Depot  
  14  0:24  SCV  
  14  0:27  Refinery  
  15  0:38  SCV  
  16  0:44  Barracks  
  16  0:50  SCV  
  16  0:55  Refinery  
  17  1:02  SCV  
  18  1:14  SCV  
  19  1:31  Orbital Command  
  19  1:33  Factory  
  19  1:34  Reaper  
  20  1:44  Supply Depot  
  20  1:57  SCV  
  21  2:08  Reaper  
  22  2:09  SCV  
  23  2:17  Hellion  
  23  2:21  SCV  
  26  2:26  Command Center  
  26  2:33  Starport  
  27  2:38  Hellion  
  27  2:42  Reaper  
  29  2:45  SCV  
  30  2:52  Supply Depot  
  30  2:57  SCV  
  31  3:00  Factory Tech Lab  
  31  3:13  SCV  
  32  3:21  Refinery  
  32  3:25  SCV  
  33  3:28  Raven  
  33  3:30  Factory Tech Lab, Barracks Reactor  
  35  3:37  SCV  
  35  3:38  Orbital Command  
  36  3:49  SCV, Siege Tank  
  40  4:02  SCV  
  41  4:04  SCV  
  44  4:14  SCV  
  45  4:17  Raven, SCV  
  46  4:26  Command Center, SCV  
  46  4:29  SCV  
  46  4:30  Siege Tank  
  51  4:38  SCV  
  54  4:42  SCV  
  52  4:48  Supply Depot x2  
  52  4:50  SCV  
  52  4:52  Refinery  
  51  4:54  SCV  
  52  5:02  SCV  
  52  5:06  SCV  
  54  5:12  Viking x2, Stimpack  
  54  5:13  Marine  
  59  5:14  SCV  
  59  5:16  Siege Tank  
  59  5:18  SCV  
  64  5:26  SCV, Engineering Bay x2  
  65  5:30  SCV  
  65  5:31  Marine  
  67  5:41  SCV  
  67  5:42  Viking x2, SCV  
  71  5:43  Orbital Command  
  71  5:49  Marine  
  73  5:51  Siege Tank  
  73  5:53  SCV  
  73  5:54  SCV  
  77  6:07  Marine  
  78  6:12  Orbital Command  
  78  6:15  SCV x2  
  78  6:17  Viking  
  78  6:18  Viking  
  84  6:31  Marine  
  84  6:39  SCV  
  85  6:40  SCV, Siege Tank  
  85  6:41  Barracks  
  85  6:42  Barracks  
  85  6:43  Barracks x2, SCV  
  90  6:51  SCV  
  90  6:52  SCV  
  92  6:55  SCV  
  86  7:03  SCV  
  86  7:05  SCV  
  86  7:07  SCV  
Show
View Real Time Build Order
Export as new Build Order

Bunny Terran - Winner!

Build Orders: Gas First Reaper Expand 

Get SALT Encoding   

  12  0:00  SCV  
  13  0:13  SCV  
  14  0:17  Supply Depot  
  14  0:25  SCV  
  14  0:27  Refinery  
  15  0:38  SCV  
  16  0:44  Barracks  
  16  0:50  SCV  
  17  1:02  SCV  
  18  1:15  SCV  
  19  1:31  Orbital Command  
  19  1:32  Reaper  
  20  1:44  Command Center  
  20  1:56  Factory  
  20  1:59  SCV  
  21  2:04  Barracks Reactor  
  21  2:10  Supply Depot  
  21  2:13  SCV  
  22  2:18  Refinery  
  22  2:25  SCV  
  23  2:37  SCV  
  23  2:40  Factory Tech Lab  
  23  2:41  Marine x2  
  26  2:49  SCV  
  26  2:50  Starport  
  27  2:57  Orbital Command  
  27  2:59  Marine  
  27  3:00  Marine  
  30  3:09  Cyclone  
  32  3:13  SCV  
  32  3:16  Marine  
  32  3:19  Marine  
  34  3:25  SCV x2  
  35  3:29  Starport Tech Lab  
  35  3:34  Supply Depot  
  35  3:35  Marine  
  35  3:37  Marine  
  37  3:45  SCV x2, Hellion  
  37  3:46  Refinery  
  41  3:51  Raven  
  41  3:54  Marine  
  44  3:56  Marine  
  44  3:58  SCV  
  44  3:59  SCV  
  46  4:11  Siege Tank  
  46  4:12  SCV x2, Bunker  
  51  4:17  Supply Depot  
  51  4:24  SCV x2  
  51  4:27  Refinery  
  53  4:42  SCV x2  
  55  4:45  Viking x2  
  55  4:48  Siege Tank  
  62  4:56  Supply Depot  
  62  5:05  SCV x2  
  62  5:06  Supply Depot  
  62  5:08  Stimpack  
  62  5:17  Marine, Viking x2  
  62  5:19  Supply Depot  
  67  5:22  Siege Tank  
  67  5:27  SCV x2  
  72  5:38  Marine  
  72  5:39  Barracks  
  72  5:41  Barracks  
  73  5:47  Viking  
  73  5:48  Viking  
  77  5:51  SCV  
  77  5:52  SCV  
  77  5:56  Marine  
  77  5:57  Supply Depot, Siege Tank  
  83  6:02  Liberator  
  83  6:03  Liberator  
  83  6:07  SCV x2  
  83  6:09  Engineering Bay  
  85  6:14  Marine  
  92  6:28  SCV x2  
  92  6:30  Barracks Reactor  
  92  6:31  Barracks Reactor  
  93  6:35  Supply Depot  
  93  6:36  Supply Depot  
  93  6:41  Command Center  
  93  6:44  Marine  
  91  7:03  SCV x2  
  91  7:05  Marine  

Tags
 
Add a new tag
Caveats
  • Supply blocks, unpowered buildings, or Contaminate may cause inaccurate times.
  • Supply counts are checked every 10 seconds.